 Dungeon Crawl Stone Soup version 0.22-a0-533-g4d20840 (webtiles) character file.

72473 Darkshadow the Severer (level 15, -2/143 HPs)
             Began as a Hill Orc Fighter on June 21, 2018.
             Was the Champion of Beogh.
             Slain by a jumping spider (6 damage)
             ... on level 1 of the Spider Nest.
             The game lasted 03:13:12 (34870 turns).

Darkshadow the Severer (Hill Orc Fighter)          Turns: 34870, Time: 03:13:13

Health: -2/143     AC: 19    Str: 22      XL:     15   Next: 40%
Magic:  20/25      EV:  4    Int:  8 (9)  God:    Beogh [******]
Gold:   1630       SH:  0    Dex: 13      Spells: 12/14 levels left

rFire    + . .     SeeInvis .   a - +1 broad axe (venom)
rCold    . . .     Gourm    .   t - +0 large shield
rNeg     + . .     Faith    +   K - +3 chain mail {rF+}
rPois    +         Spirit   .   x - +0 helmet
rElec    .         Reflect  .   V - scarf {repulsion}
rCorr    .         Harm     .   F - +2 pair of gloves
MR       +....                  m - +0 pair of boots
Stlth    ..........             S - amulet of faith
HPRegen  0.33/turn              N - ring of poison resistance
MPRegen  0.19/turn              q - ring of positive energy

@: very slightly contaminated, held, recalling, drained, invisible, repel
missiles
A: walk on water
a: Smiting, Stop Recall, Give Item to Named Follower, Resurrection, Renounce
Religion


You were on level 1 of the Spider Nest.
You worshipped Beogh.
Beogh was exalted by your worship.
You were near starving.

You visited 3 branches of the dungeon, and saw 22 of its levels.
You also visited: Sewer.

You collected 1630 gold pieces.

Inventory:

Hand Weapons
 a - a +1 broad axe of venom (weapon)
 b - a +0 hand crossbow
 p - a +2 war axe of chopping
 Q - a +1 hand axe of electrocution
Missiles
 g - 752 stones (quivered)
 X - 150 bolts
Armour
 m - a +0 pair of boots (worn)
 t - a +0 large shield (worn)
 x - a +0 helmet (worn)
 F - a +2 pair of gloves (worn)
 K - a +3 chain mail of fire resistance (worn)
 P - a +2 chain mail of poison resistance
 V - a scarf of repulsion (worn)
Jewellery
 q - a ring of positive energy (right hand)
 G - an uncursed ring of see invisible
 L - an uncursed ring of fire
 N - a ring of poison resistance (left hand)
 R - an uncursed ring of ice
 S - an amulet of faith (around neck)
Wands
 d - a wand of digging (25)
 h - a wand of iceblast (11)
 H - a wand of disintegration (17)
 M - a wand of enslavement (8)
Scrolls
 e - 3 scrolls of magic mapping
 i - 12 scrolls of identify {@r1}
 k - 15 scrolls of teleportation
 n - 15 scrolls of remove curse {@r2}
 o - 3 scrolls of blinking
 u - 5 scrolls of enchant weapon
 v - a scroll of acquirement
 y - a scroll of summoning {unknown}
 z - 8 scrolls of enchant armour
 A - a scroll of holy word
 D - 5 scrolls of fear
 E - 2 scrolls of fog
 I - a scroll of amnesia
 W - a scroll of vulnerability
 Y - a scroll of brand weapon {unknown}
Potions
 c - a potion of berserk rage
 j - 4 potions of flight
 l - a potion of resistance
 r - 5 potions of heal wounds
 s - 3 potions of brilliance
 B - a potion of cancellation
 C - 7 potions of haste
 J - 2 potions of curing {@q1}
 O - 2 potions of might
 T - 2 potions of magic
 U - 3 potions of agility
Comestibles
 f - 24 rations


   Skills:
 * Level 15.7(14.9) Fighting
 - Level 18.0(17.2) Axes
 + Level 1.3(0.8) Crossbows
 + Level 8.2(7.5) Armour
 - Level 3.3(2.8) Dodging
 + Level 13.4(12.7) Shields
 + Level 14.0(13.3) Invocations


You had 12 spell levels left.
You knew the following spells:

 Your Spells              Type           Power        Failure   Level  Hunger
a - Blink                 Tloc           N/A          100%        2    ###....

Your spell library contained the following spells:

 Spells                   Type           Power        Failure   Level  Hunger
 Magic Dart               Conj           #...         100%        1    ##.....
 Fireball                 Conj/Fire      #.........   100%        5    ######.
 Conjure Flame            Conj/Fire      #.......     100%        3    ####...
 Bolt of Cold             Conj/Ice       #.........   100%        6    #######
 Slow                     Hex            #.......     100%        2    ###....
 Confuse                  Hex            #.......     100%        3    ####...
 Throw Flame              Conj/Fire      #.....       100%        2    ###....
 Throw Frost              Conj/Ice       #.....       100%        2    ###....
 Freezing Cloud           Conj/Ice/Air   #.........   100%        6    #######
 Mephitic Cloud           Conj/Pois/Air  #.......     100%        3    ####...
 Iskenderun's Mystic Bla  Conj           #.......     100%        4    #####..
 Freeze                   Ice            #...         100%        1    ##.....
 Ozocubu's Refrigeration  Ice            #.........   100%        6    #######
 Sticky Flame             Conj/Fire      #.......     100%        4    #####..
 Summon Ice Beast         Ice/Summ       #.......     100%        4    #####..
 Ozocubu's Armour         Chrm/Ice       #.......     100%        3    ####...
 Call Imp                 Summ           #.......     100%        2    ###....
 Sting                    Conj/Pois      #...         100%        1    ##.....
 Tukima's Dance           Hex            #.......     100%        3    ####...
 Iron Shot                Conj/Erth      #.........   100%        6    #######
 Spider Form              Tmut/Pois      #.........   100%        3    ####...
 Blade Hands              Tmut           #.........   100%        5    ######.
 Ice Form                 Ice/Tmut       #.......     100%        4    #####..
 Throw Icicle             Conj/Ice       #.......     100%        4    #####..
 Confusing Touch          Hex            #.....       100%        1    ##.....
 Flame Tongue             Conj/Fire      #....        100%        1    ##.....
 Sticks to Snakes         Tmut           #.......     100%        2    ###....
 Ensorcelled Hibernation  Hex/Ice        #.....       100%        2    ###....
 Metabolic Englaciation   Hex/Ice        #.........   100%        5    ######.
 Shatter                  Erth           #.........   100%        9    #######
 Corona                   Hex            #......      100%        1    ##.....
 Sandblast                Erth           #.....       100%        1    ##.....
 Simulacrum               Ice/Necr       #.........   100%        6    #######
 Petrify                  Tmut/Erth      #.......     100%        4    #####..
 Inner Flame              Hex/Fire       #.......     100%        3    ####...
 Beastly Appendage        Tmut           #.....       100%        1    ##.....
 Fulminant Prism          Conj/Hex       #.........   100%        4    #####..
 Dazzling Spray           Conj/Hex       #.....       100%        3    ####...
 Force Lance              Conj/Tloc      #.......     100%        4    #####..
 Searing Ray              Conj           #.....       100%        2    ###....
 Gell's Gravitas          Tloc           #.........   100%        3    ####...
 Yara's Violent Unravell  Hex/Tmut       #.........   100%        5    ######.


Dungeon Overview and Level Annotations

Branches:
Dungeon (14/15)            Temple (0/1) D:5            Lair (6/6) D:10
  Swamp (0/4) Lair:4       Spider (2/4) Lair:4        Slime (0/5) Lair:5
    Orc (0/2) D:11         Vaults (0/5) D:14

Altars:
Makhleb
Ru
Trog

Shops:
D:4 [

Annotations:
Lair:1 exclusion: oklob plant
Lair:5 exclusion: 3 oklob plants


Message History

The jumping spider completely misses you.
The jumping spider pounces on you!
* * * LOW HITPOINT WARNING * * *
You are caught in a web!
The jumping spider barely misses you.
The redback bites you but does no damage.
Your orc wizard completely misses the redback.
The jumping spider pounces on your orc warrior but does no damage.
The jumping spider bites your orc warrior but does no damage.
Borgun hits the jumping spider with a +2 spear of piercing!
The tarantella closely misses you. The wolf spider barely misses you.
The wolf spider bites you but does no damage.
Your orc warrior hits the jumping spider!
Olfrun hits the tarantella with a club.
The wolf spider hits you.
* * * LOW HITPOINT WARNING * * *
The wolf spider bites you.
* * * LOW HITPOINT WARNING * * *
The jumping spider pounces on you!
* * * LOW HITPOINT WARNING * * *
The jumping spider bites you.
You die...

#...#.......##........
#.......#........##...
###..#....^...#.....##
#.#..###..............
#..................... ######
##.......#.......#....#
#....###.......o........#.....
##........#ossoo.#..........^.
#.........##s@so..#....#......
##)......^..soso.............)
##.####...oo.s^.......##.....
##.## #.......................
##.## #......^.##......#....^.
##.########...####.......#....^.
##.##....##.......#...#.....##...
..#.....####..#.....#...........#
.^............##....####.....^###


You could see 2 wolf spiders, 3 jumping spiders, a tarantella, a redback, the
friendly Boderik the orc warlord, the friendly Borgun the orc warlord, the
friendly Rocco the orc warlord, a friendly orc knight, a friendly orc warrior,
the friendly Olfrun the orc warrior, 2 friendly orc wizards and a friendly orc.

Vanquished Creatures
  A ghost moth (Spider:1)
  4 entropy weavers
  Azrael (D:13)
  4 dire elephants (Lair:6)
  2 vault guards (D:14)
  A centaur warrior (D:13)
  An anaconda (Lair:6)
  3 two-headed ogres
  2 death yaks
  3 necromancers
  Pikel (D:4)
  2 ugly things
  4 wolf spiders (Spider:1)
  A cyclops (D:8)
  A black mamba (Lair:5)
  An elephant (Lair:5)
  2 spiny frogs
  2 rime drakes
  A yaktaur (shapeshifter) (D:14)
  A demonic crawler (Spider:1)
  3 komodo dragons
  3 trolls
  A polar bear (Lair:6)
  A jumping spider (Spider:1)
  Grinder (D:6)
  7 blink frogs
  3 hornets (D:8)
  Prince Ribbit (D:4)
  3 hippogriffs
  A slime creature (D:14)
  6 tarantellas (Spider:1)
  17 redbacks (Spider:1)
  27 yaks
  4 wyverns
  Sigmund (D:3)
  6 humans
  A fire elemental (D:13)
  Menkaure (D:7)
  3 hungry ghosts
  6 soldier ants (Lair:4)
  Edmund (D:6)
  5 water moccasins
  3 orc warriors
  Duvessa (D:6)
  5 porcupines
  5 sky beasts
  A slave (D:4)
  A black bear (D:10)
  An eye of draining (D:13)
  3 ice beasts
  7 ogres
  3 wolves
  6 centaurs
  3 phantoms
  6 crocodiles
  A wyvern zombie (D:13)
  A big kobold (D:13)
  10 bullfrogs
  4 scorpions
  Dowan (D:6)
  5 wights
  2 electric eels (D:9)
  3 howler monkeys
  A crimson imp (D:7)
  5 centaur zombies
  5 hounds
  A basilisk zombie (Lair:3)
  2 bullfrog zombies
  4 bullfrog skeletons
  7 jellies
  10 orc wizards
  Crazy Yiuf (D:6)
  A gnoll shaman (D:7)
  7 orc priests
  5 centaur skeletons
  Terence (D:2)
  2 iguanas
  Ijyb (D:3)
  12 worker ants
  A merfolk avatar (Sewer)
  A merfolk siren (Sewer)
  A hound zombie (D:5)
  A worker ant zombie (D:10)
  Robin (D:3)
  27 gnolls
  24 adders
  4 river rats
  3 shadow imps
  A worker ant simulacrum (D:8)
  12 oozes
  An adder zombie (D:8)
  2 adder skeletons
  8 worms
  3 dart slugs
  8 leopard geckos
  32 orcs
  8 ball pythons
  3 giant cockroaches
  12 goblins
  6 hobgoblins
  8 jackals
  7 quokkas
  10 bats
  14 frilled lizards
  A jackal skeleton (D:7)
  A jackal zombie (D:6)
  39 kobolds
  2 leopard gecko skeletons
  A quokka zombie (D:5)
  31 rats
  A fungus (Lair:3)
551 creatures vanquished.

Vanquished Creatures (collateral kills)
  A rakshasa (D:14)
  10 hydras
  A two-headed ogre (D:14)
  A queen ant (Lair:3)
  Urug (D:11)
  2 death yaks (Lair:5)
  Sonja (Lair:1)
  The ghost of Mammok the Carver, a novice DsBe of Trog (D:8)
  An unseen horror (D:10)
  A wolf spider zombie (D:13)
  4 orb spiders (Spider:1)
  A cyclops (D:11)
  5 wolf spiders (Spider:1)
  3 deep elf magi
  A salamander (shapeshifter) (D:14)
  An elephant (Lair:5)
  A centaur zombie (D:14)
  A moth of wrath (Spider:1)
  2 black mambas
  7 spiny frogs
  A centaur skeleton (D:12)
  A gargoyle (D:14)
  A demonic crawler (Spider:1)
  A rime drake (Lair:5)
  A komodo dragon (Lair:6)
  2 jumping spiders (Spider:1)
  3 trolls
  A polar bear (Lair:6)
  2 hornets
  6 blink frogs
  7 slime creatures (D:14)
  2 hippogriffs
  12 redbacks
  A vampire (D:12)
  34 yaks
  A shadow (D:13)
  2 tarantellas (Spider:1)
  A hog (shapeshifter) (D:14)
  2 wyverns (Lair:5)
  3 basilisks
  16 humans (D:14)
  6 fire elementals (D:13)
  2 hungry ghosts (D:10)
  20 soldier ants
  An acid dragon (D:14)
  A spectral hornet (D:8)
  4 water moccasins
  6 porcupines
  3 orc warriors
  3 elephant zombies (Lair:3)
  4 ogres
  13 wolves
  A necrophage (D:13)
  8 centaurs
  3 big kobolds
  9 crocodiles
  6 bullfrogs
  2 wyvern zombies
  A wyvern skeleton (D:10)
  4 killer bees (D:11)
  14 wights
  3 electric eels
  A crimson imp (D:14)
  A quasit (D:13)
  A bullfrog zombie (D:13)
  2 orc wizards
  2 orc priests
  3 iguanas
  19 worker ants
  3 gnolls
  2 shadow imps
  A leopard gecko (D:9)
  3 orcs
  2 jackals (D:11)
  A quokka (D:9)
  7 kobolds
  9 fungi
  10 plants
327 creatures vanquished.

Vanquished Creatures (others)
  2 orc knights
  An orc warrior (Spider:1)
  A slave (D:4)
  7 orc priests
  4 orc wizards
  15 orcs
  17 fungi
  5 plants
  9 toadstools (D:2)
61 creatures vanquished.

Grand Total: 939 creatures vanquished

Notes
Turn   | Place    | Note
-------+----------+-------------------------------------------
     0 | D:1      | Darkshadow the Hill Orc Fighter began the quest for the Orb.
     0 | D:1      | Reached XP level 1. HP: 19/19 MP: 1/1
   150 | D:1      | Reached skill level 3 in Axes
   196 | D:1      | Reached XP level 2. HP: 27/27 MP: 2/2
   641 | D:1      | Reached XP level 3. HP: 26/33 MP: 3/3
  1246 | D:2      | Noticed Terence
  1269 | D:2      | Killed Terence
  1269 | D:2      | Reached skill level 4 in Axes
  1269 | D:2      | Reached XP level 4. HP: 33/40 MP: 4/4
  1597 | D:2      | Found a bloodstained altar of Trog.
  1919 | D:2      | Reached XP level 5. HP: 38/47 MP: 5/5
  1930 | D:2      | Reached skill level 5 in Axes
  1951 | D:2      | Reached XP level 6. HP: 19/53 MP: 6/6
  2449 | D:3      | Noticed Sigmund
  2454 | D:3      | Killed Sigmund
  2454 | D:3      | Reached skill level 5 in Fighting
  2454 | D:3      | Reached skill level 6 in Axes
  2477 | D:3      | Noticed Ijyb
  2486 | D:3      | Killed Ijyb
  2612 | D:3      | Reached XP level 7. HP: 57/61 MP: 7/7
  2673 | D:3      | Found a glowing drain.
  2734 | Sewer    | Entered a sewer
  3092 | Sewer    | Reached skill level 5 in Shields
  3174 | Sewer    | Reached skill level 5 in Armour
  3331 | D:3      | Noticed Robin
  3340 | D:3      | Killed Robin
  3375 | D:3      | Reached skill level 7 in Axes
  4347 | D:4      | Found Qulerch's Armour Shop.
  4384 | D:3      | Reached XP level 8. HP: 30/70 MP: 8/8
  4859 | D:4      | Noticed Pikel
  4869 | D:4      | Paralysed by Pikel for 6 turns
  4882 | D:4      | Killed Pikel
  4882 | D:4      | Reached skill level 9 in Axes
  5626 | D:5      | Entered Level 5 of the Dungeon
  5632 | D:5      | Became a worshipper of Beogh the Brigand
  5741 | D:5      | Found a burning altar of Makhleb.
  5753 | D:5      | Noticed Prince Ribbit
  5796 | D:4      | Killed Prince Ribbit
  5796 | D:4      | Reached skill level 1 in Invocations
  5796 | D:4      | Reached XP level 9. HP: 47/79 MP: 8/10
  6128 | D:5      | Reached skill level 10 in Axes
  6751 | D:5      | Found a staircase to the Ecumenical Temple.
  6753 | D:5      | Reached * piety under Beogh
  6978 | D:6      | Noticed Menkaure
  7647 | D:6      | Noticed Dowan
  7654 | D:6      | Noticed Duvessa
  7664 | D:6      | Killed Dowan
  7669 | D:6      | Killed Duvessa
  8005 | D:6      | Reached skill level 11 in Axes
  8410 | D:6      | Noticed Edmund
  8426 | D:6      | Killed Edmund
  8587 | D:6      | Noticed Grinder
  8607 | D:6      | Killed Grinder
  8768 | D:6      | Reached skill level 5 in Invocations
  8768 | D:6      | Reached XP level 10. HP: 82/90 MP: 13/13
  8795 | D:6      | Found a runed door.
  8799 | D:6      | Noticed Crazy Yiuf
  8805 | D:6      | Killed Crazy Yiuf
  8883 | D:7      | Noticed a two-headed ogre
  9011 | D:6      | Reached skill level 12 in Axes
  9011 | D:6      | Reached ** piety under Beogh
  9421 | D:7      | Killed Menkaure
  9482 | D:6      | Killed a two-headed ogre
 10928 | D:8      | Noticed a cyclops
 10940 | D:8      | Reached skill level 13 in Axes
 10952 | D:8      | Killed a cyclops
 11201 | D:8      | Found a runed gate.
 11202 | D:8      | Found a runed gate.
 11204 | D:8      | Found a runed gate.
 11205 | D:8      | Noticed Mammok's ghost (novice DsBe)
 11274 | D:8      | Reached *** piety under Beogh
 11556 | D:8      | Paralysed by a hornet for 2 turns
 11564 | D:8      | Paralysed by a hornet for 2 turns
 11568 | D:8      | Paralysed by a hornet for 2 turns
 11960 | D:8      | Reached XP level 11. HP: 91/97 MP: 16/16
 12483 | D:7      | Gained Borgun as an ally
 13013 | D:9      | Reached skill level 10 in Fighting
 13198 | D:9      | Noticed a two-headed ogre
 13203 | D:9      | Killed a two-headed ogre
 13203 | D:9      | Reached skill level 14 in Axes
 13621 | D:9      | Reached **** piety under Beogh
 13952 | D:9      | Found a sacrificial altar of Ru.
 14744 | D:10     | Entered Level 10 of the Dungeon
 15696 | D:10     | Killed an unseen horror
 15696 | D:10     | Reached skill level 15 in Axes
 15696 | D:10     | Reached skill level 10 in Shields
 15727 | D:10     | Found a staircase to the Lair.
 16446 | D:11     | Reached XP level 12. HP: 108/108 MP: 18/18
 16450 | D:11     | Reached ***** piety under Beogh
 16794 | D:11     | Found a staircase to the Orcish Mines.
 16981 | D:11     | Gained Boderik as an ally
 17041 | D:11     | Noticed Urug
 17049 | D:11     | Killed Urug
 18199 | D:12     | Noticed a seven-headed hydra
 18206 | D:12     | Killed a seven-headed hydra
 18597 | D:12     | Reached skill level 10 in Invocations
 18768 | D:12     | Noticed a four-headed hydra
 18773 | D:12     | Killed a four-headed hydra
 18773 | D:12     | Reached skill level 16 in Axes
 19004 | D:12     | Noticed a five-headed hydra
 19011 | D:12     | Killed a six-headed hydra
 19390 | D:13     | Noticed a two-headed ogre
 19394 | D:13     | Killed a two-headed ogre
 19729 | D:13     | Noticed a centaur warrior
 19738 | D:13     | Killed a centaur warrior
 19855 | D:13     | Noticed Azrael
 19867 | D:13     | Killed Azrael
 19867 | D:13     | Reached XP level 13. HP: 67/117 MP: 12/21
 20323 | D:13     | Reached skill level 17 in Axes
 20681 | D:13     | Upgraded the game from 0.22-a0-525-gf69a080 to 0.22-a0-533-g4d20840
 21377 | D:14     | Found a gate to the Vaults.
 21377 | D:14     | Noticed a vault guard
 21377 | D:14     | Noticed a vault guard
 21386 | D:14     | Killed a vault guard
 21394 | D:14     | Killed a vault guard
 21424 | D:14     | Identified the Compendium of the Magpie
 21437 | D:14     | Noticed a rakshasa
 21443 | D:14     | Killed a rakshasa
 22650 | Lair:1   | Entered Level 1 of the Lair of Beasts
 23089 | Lair:1   | Noticed Sonja
 23096 | Lair:1   | Killed Sonja
 23871 | Lair:2   | Reached skill level 18 in Axes
 23951 | Lair:2   | Found a dark tunnel.
 23964 | Lair:2   | Reached ****** piety under Beogh
 24065 | Lair:2   | Gained Korbok as an ally
 24528 | Lair:3   | Learned a level 2 spell: Blink
 25477 | Lair:4   | Reached XP level 14. HP: 124/129 MP: 23/23
 25523 | Lair:4   | Found a hole to the Spider Nest.
 25747 | Lair:4   | Noticed an entropy weaver
 25925 | Lair:3   | Gained Rocco as an ally
 25927 | Lair:3   | Killed an entropy weaver
 25927 | Lair:3   | Reached skill level 1 in Dodging
 26193 | Lair:4   | Found a staircase to the Swamp.
 26208 | Lair:4   | Noticed an entropy weaver
 26216 | Lair:4   | Killed an entropy weaver
 27133 | Lair:5   | Identified 2 scrolls of acquirement
 27562 | Lair:5   | Found a staircase to the Slime Pits.
 27648 | Lair:5   | You fall through a shaft!
 27648 | Lair:6   | Entered Level 6 of the Lair of Beasts
 28113 | Lair:5   | Your ally Korbok died
 30142 | Lair:6   | Noticed a dire elephant
 30157 | Lair:6   | Killed a dire elephant
 30464 | Lair:6   | Noticed a dire elephant
 30464 | Lair:6   | Noticed a dire elephant
 30471 | Lair:6   | Killed a dire elephant
 30481 | Lair:6   | Killed a dire elephant
 30860 | Lair:6   | Noticed a dire elephant
 30875 | Lair:6   | Killed a dire elephant
 31086 | D:8      | Killed Mammok's ghost
 31320 | Spider:1 | Entered Level 1 of the Spider Nest
 31320 | Spider:1 | Noticed an entropy weaver
 31329 | Spider:1 | Killed an entropy weaver
 31329 | Spider:1 | Reached skill level 15 in Fighting
 31329 | Spider:1 | Reached XP level 15. HP: 104/141 MP: 25/25
 31330 | Spider:1 | Gained Agrik as an ally
 31776 | Spider:1 | Killed a ghost moth
 33333 | Spider:1 | Your ally Agrik died
 33906 | Spider:1 | Reached skill level 1 in Crossbows
 33906 | Spider:1 | Gained Olfrun as an ally
 34870 | Spider:1 | HP: 4/143 [jumping spider (12)]
 34870 | Spider:1 | Slain by a jumping spider

Vault maps used:
D:1:      minmay_arrival_hallway, minmay_pentomino_s2
D:2:      cheibrodos_fertilizer, first_ration, trog_hazing_becter, uniq_terence
D:3:      portal_sewer_entry_b, uniq_sigmund, uniq_ijyb, uniq_robin
D:4:      serial_shops, shop_coins, uniq_pikel
D:5:      minmay_temple_entry_nine_rooms, basic_altar, uniq_prince_ribbit1
D:6:      uniq_menkaure, uniq_crazy_yiuf_cottage, uniq_edmund, uniq_grinder,
          uniq_duvessa
D:7:      cheibrodos_fzero
D:8:      gammafunk_ghost_necromancy, hangedman_pestilent_swarm
D:9:      lemuel_doored_altar
D:10:     due_lair_maze_entry_diamond, hangedman_abyss_or_decor_stagger
D:11:     erik_orc_4, uniq_urug
D:13:     st_stairs_3, uniq_azrael
D:14:     grunt_vaults_entry_tiered, nicolae_twisting_strands
Lair:1:   grunt_megastairs_4, minmay_lair_oklob_chamber, uniq_sonja
Lair:2:   nicolae_volcano_entry_lava_flow
Lair:3:   pond_and_an_island_with_a_cottage
Lair:4:   minmay_swamp_entry_reptiles, spider_nest_entry_a, minivault_29
Lair:5:   minmay_slime_entry_oklob_open, beast_lair_carwin_1
Lair:6:   due_jungle_book, st_stairs_12, grunt_megastairs_1,
          lemuel_fruit_fields, infiniplex_staircase_pool_2, serial_bayou_shore_b
Spider:2: spider_trap, uniq_aizul
Sewer:    sewer_sea

Skill      XL: |  1  2  3  4  5  6  7  8  9 10 11 12 13 14 15 |
---------------+----------------------------------------------+-----
Axes           | 3 4 5 6 7 9 11 13 15 16 18 | 18.0
Fighting       | 4 5 7 8 9 10 11 13 15 | 15.7
Shields        | 4 5 6 7 8 10 11 12 13 | 13.4
Armour         | 4 5 7 8 |  8.2
Invocations    | 1 5 7 9 10 12 13 14 | 14.0
Dodging        | 3 |  3.3
Crossbows      | 1 |  1.3

Action                   |  1- 3 |  4- 6 |  7- 9 | 10-12 | 13-15 || total
-------------------------+-------+-------+-------+-------+-------++-------
Melee: War axe           |   124 |   139 |   525 |   657 |   402 ||  1847
       Broad axe         |       |       |       |       |   174 ||   174
 Fire: Hand crossbow     |       |       |       |       |    36 ||    36
Throw: Stone             |    46 |    12 |    79 |    42 |    34 ||   213
Invok: Convert to Beogh  |       |       |     1 |       |       ||     1
       Smiting           |       |       |       |     8 |    14 ||    22
       Recall Orcish Fol |       |       |       |     4 |    15 ||    19
       Stop Recall       |       |       |       |     4 |    11 ||    15
       Give Item to Name |       |       |       |     2 |     1 ||     3
Evoke: Wand              |       |       |       |       |    14 ||    14
  Use: Scroll            |       |     7 |     4 |     9 |     8 ||    28
       Potion            |       |     1 |     1 |     2 |     8 ||    12
 Stab: Distracted        |       |       |       |     2 |     3 ||     5
       Confused          |       |       |       |       |     1 ||     1
  Eat: Chunk             |     1 |     2 |    13 |    22 |    28 ||    66
       Ration            |       |     1 |     2 |     6 |     5 ||    14
Armor: Scale mail        |    27 |    49 |   199 |       |       ||   275
       Plate armour      |    66 |       |       |       |       ||    66
       Skin              |       |       |     3 |       |       ||     3
       Chain mail        |       |       |     3 |   266 |   415 ||   684
Dodge: Dodged            |    25 |    36 |   113 |   125 |   173 ||   472
Block: Shield            |    92 |    77 |   228 |   330 |    55 ||   782
       Large shield      |       |       |       |       |   602 ||   602

Table legend:
 A = Spawn XP
 B = Non-spawn XP
 C = Spawn XP percentage of total XP
 D = Spawn monster count
 E = Non-spawn monster count
 F = Spawn count percentage of total count
 G = Total turns spent on level
                    A         B        C        D         E        F      G
               +---------+---------+-------+---------+---------+-------+---------
         Total |       0 |  103534 |   0.0 |       0 |     858 |   0.0 | 34870
               +---------+---------+-------+---------+---------+-------+---------
           D:1 |       0 |      50 |   0.0 |       0 |      26 |   0.0 |   959
           D:2 |       0 |     306 |   0.0 |       0 |      47 |   0.0 |  1479
           D:3 |       0 |     657 |   0.0 |       0 |      53 |   0.0 |  1568
           D:4 |       0 |    1137 |   0.0 |       0 |      14 |   0.0 |  1218
           D:5 |       0 |     643 |   0.0 |       0 |      24 |   0.0 |  1657
           D:6 |       0 |    2986 |   0.0 |       0 |      47 |   0.0 |  2330
           D:7 |       0 |    2206 |   0.0 |       0 |      47 |   0.0 |  1601
           D:8 |       0 |    3462 |   0.0 |       0 |      35 |   0.0 |  1806
           D:9 |       0 |    4333 |   0.0 |       0 |      36 |   0.0 |  1927
          D:10 |       0 |    3048 |   0.0 |       0 |      29 |   0.0 |  1866
          D:11 |       0 |    2238 |   0.0 |       0 |      38 |   0.0 |  1362
          D:12 |       0 |    6200 |   0.0 |       0 |      42 |   0.0 |  1360
          D:13 |       0 |    8561 |   0.0 |       0 |      62 |   0.0 |  1526
          D:14 |       0 |   10314 |   0.0 |       0 |      61 |   0.0 |  1660
        Lair:1 |       0 |    1842 |   0.0 |       0 |      11 |   0.0 |  1128
        Lair:2 |       0 |    3670 |   0.0 |       0 |      26 |   0.0 |   773
        Lair:3 |       0 |    5375 |   0.0 |       0 |      30 |   0.0 |  1370
        Lair:4 |       0 |    7224 |   0.0 |       0 |      58 |   0.0 |  1367
        Lair:5 |       0 |    9161 |   0.0 |       0 |      42 |   0.0 |  1885
        Lair:6 |       0 |   12221 |   0.0 |       0 |      36 |   0.0 |  2143
      Spider:1 |       0 |   17734 |   0.0 |       0 |      57 |   0.0 |  3312
         Sewer |       0 |     166 |   0.0 |       0 |      37 |   0.0 |   549
               +---------+---------+-------+---------+---------+-------+---------
